AoeStats
← 沉香

Black Forest

510716641Analyzed
4v4 RM · 8h ago on Oct 2, 2026· 44m 59s· 8 players
Game mode
Random Map
Map size
Large (8 player)
Population
200
Speed
Normal
Resources
Standard
Victory
Conquest
Starting age
Dark Age
Ending age
Imperial Age
RankedLock teamsTeams togetherTeam positionsShared explorationLock speedFull tech treeHidden civsTurbo modeCheats
Victory
Defeat
🇹🇷 Mongols · Türkiye
1780
+14
🇩🇪 Teutons · Germany
1773
+14
🇨🇿 Goths · Czechia
1719
+17
🇹🇷 Byzantines · Türkiye
1631
+20
🇻🇳 Spanish · Vietnam
1822
-20
🇪🇸 Gurjaras · Spain
1780
-18
🇨🇳 Bengalis · China
1682
-14
🇨🇳 Malay · China
1656
-13
Velky kanec
9:59 Feudal Age
13:36 Castle Age
11:30 Double-Bit Axe
12:18 Horse Collar
14:35 Bow Saw
15:42 Heavy Plow
20:52 Wheelbarrow
21:11 Loom
22:34 Gold Mining
27:04 Imperial Age
24:50 Loom
25:35 Hand Cart
25:38 Scale Mail Armor
25:45 Stone Mining
26:06 Treadmill Crane
26:55 Chain Mail Armor
26:50 Forging
26:57 Forging
28:59 Chemistry
28:22 Caravan
28:33 Squires
28:30 Capped Ram
29:18 Anarchy
29:55 Iron Casting
30:19 Elite Huskarl
30:48 Pikeman
31:55 Perfusion
31:50 Onager
33:49 Blast Furnace
33:29 Coinage
33:57 Conscription
36:45 Two-Man Saw
36:07 Devotion
36:48 Banking
37:55 Fletching
39:16 Bodkin Arrow
39:22 Padded Archer Armor
40:37 Ballistics
40:28 Masonry
40:13 Town Watch
40:55 Guilds
41:16 Halberdier
42:40 Crop Rotation
42:58 Bracer
44:05 Leather Archer Armor
LM \ Molle
3:36 Loom
9:44 Feudal Age
10:22 Double-Bit Axe
12:45 Fletching
16:43 Town Watch
23:31 Castle Age
21:54 Horse Collar
24:16 Bodkin Arrow
28:25 Imperial Age
30:11 Chemistry
30:05 Bow Saw
31:58 Block Printing
33:34 Sanctity
34:08 Illumination
36:17 Wheelbarrow
35:37 Gold Mining
35:38 Stone Mining
38:32 Theocracy
40:07 Wheelbarrow
41:06 Redemption
41:07 Fervor
41:15 Heavy Plow
41:51 Stone Shaft Mining
41:48 Caravan
42:45 Bloodlines
42:41 Scale Barding Armor
42:46 Forging
43:31 Cavalier
44:32 Chain Barding Armor
43:39 Onager
45:20 Iron Casting
45:00 Hand Cart
Honda
9:51 Feudal Age
11:36 Double-Bit Axe
13:53 Castle Age
12:20 Horse Collar
14:51 Bow Saw
15:55 Fletching
20:26 Atonement
22:20 Stone Mining
22:36 Heavy Plow
22:26 Gold Mining
24:03 Wheelbarrow
30:31 Imperial Age
28:17 Bodkin Arrow
28:23 Padded Archer Armor
29:35 Stone Shaft Mining
29:36 Gold Shaft Mining
29:20 Hand Cart
30:28 Thumb Ring
30:40 Elite Mangudai
32:22 Conscription
32:04 Bracer
32:43 Leather Archer Armor
33:29 Chemistry
33:54 Ballistics
34:12 Bloodlines
34:03 Husbandry
35:40 Parthian Tactics
35:34 Town Watch
36:35 Town Patrol
44:58 Loom
45:17 Nomads
Itgetsdarker
10:38 Feudal Age
10:11 Loom
14:38 Castle Age
13:55 Double-Bit Axe
16:22 Horse Collar
19:19 Atonement
25:14 Imperial Age
23:08 Gold Mining
24:28 Fletching
25:09 Bow Saw
27:02 Block Printing
27:36 Gold Shaft Mining
27:44 Fervor
27:55 Sanctity
28:57 Conscription
29:09 Husbandry
31:42 Heavy Camel Rider
36:16 Chemistry
35:02 Arrowslits
35:24 Heavy Plow
36:29 Wheelbarrow
36:34 Ballistics
36:22 Padded Archer Armor
37:18 Leather Archer Armor
44:21 Scale Barding Armor
44:27 Forging
44:13 Bodkin Arrow
冬瀑
0:37 Loom
10:04 Feudal Age
10:59 Double-Bit Axe
14:40 Town Watch
17:59 Castle Age
26:30 Horse Collar
28:39 Heavy Plow
28:55 Bow Saw
30:25 Gold Mining
38:13 Imperial Age
37:11 Wheelbarrow
36:59 Fletching
37:25 Padded Archer Armor
37:03 Crossbowman
38:13 Fletching
BiliBili风间
0:45 Loom
10:59 Feudal Age
11:29 Town Watch
15:36 Castle Age
15:02 Double-Bit Axe
16:50 Horse Collar
17:04 Gold Mining
19:56 Fletching
21:21 Redemption
22:09 Sanctity
23:09 Fervor
23:58 Atonement
29:55 Imperial Age
27:57 Stone Mining
29:17 Fortified Wall
29:48 Bow Saw
30:55 Wheelbarrow
31:59 Two-Man Saw
31:43 Block Printing
31:55 Illumination
32:05 Theocracy
31:35 Devotion
33:01 Heavy Plow
37:10 Caravan
38:27 Hand Cart
38:25 Bloodlines
38:15 Husbandry
37:36 Elite Battle Elephant
38:55 Gold Shaft Mining
38:37 Scale Barding Armor
38:42 Forging
39:20 Conscription
40:39 Chain Barding Armor
41:14 Paiks
41:56 Plate Barding Armor
41:57 Iron Casting
43:34 Mahayana
43:06 Siege Elephant
43:59 Siege Engineers
45:22 Blast Furnace
DL-ĐệNhị
11:28 Feudal Age
15:25 Castle Age
14:06 Double-Bit Axe
14:04 Horse Collar
16:25 Bow Saw
18:13 Wheelbarrow
24:00 Padded Archer Armor
26:16 Heavy Plow
26:18 Town Watch
26:36 Gold Mining
26:37 Stone Mining
32:45 Imperial Age
30:01 Loom
30:51 Hand Cart
32:33 Leather Archer Armor
32:29 Bloodlines
33:23 Husbandry
34:40 Ring Archer Armor
34:12 Elite Skirmisher
35:03 Thumb Ring
35:19 Fletching
36:01 Conscription
36:32 Bodkin Arrow
37:28 Bracer
38:30 Chemistry
37:51 Ballistics
沉香
11:33 Feudal Age
13:07 Double-Bit Axe
15:41 Castle Age
13:42 Horse Collar
17:09 Bow Saw
19:15 Loom
19:20 Town Watch
20:39 Wheelbarrow
21:51 Heavy Plow
22:37 Gold Mining
24:47 Hand Cart
26:00 Stone Mining
29:12 Imperial Age
27:36 Gold Shaft Mining
27:10 Scale Mail Armor
27:56 Forging
28:24 Chain Mail Armor
27:58 Arson
29:11 Kshatriyas
29:46 Iron Casting
30:16 Conscription
30:29 Plate Mail Armor
30:17 Elite Chakram Thrower
31:48 Caravan
33:14 Frontier Guards
33:33 Coinage
34:46 Bloodlines
34:37 Husbandry
35:17 Banking
35:50 Chemistry
36:20 Hoardings
35:50 Murder Holes
38:11 Fletching
43:19 Siege Elephant
44:09 Bodkin Arrow
45:16 Ballistics
Connection lost

Rejoining the realm…

Still unreachable

The connection could not be restored.

Session expired

The server has moved on; the page needs a fresh start.